 Dungeon Crawl Stone Soup version 0.17-a0-2215-g49c1de0 (webtiles) character file.

148317 braksdos the Necromancer (level 17, -1/140 HPs)
             Began as a Hill Orc Necromancer on Oct 20, 2015.
             Was the Champion of Beogh.
             Slain by a death yak (24 damage)
             ... led by Polyphemus
             ... on level 2 of the Shoals on Oct 28, 2015.
             The game lasted 04:17:01 (38890 turns).

braksdos the Necromancer (Hill Orc Necromancer)    Turns: 38890, Time: 04:17:01

Health: -1/140     AC: 18    Str: 17    XL:     17   Next: 19%
Magic:  25/25      EV: 17    Int: 19    God:    Beogh [******]
Gold:   2387       SH:  0    Dex: 12    Spells: 6 memorised, 6 levels left

rFire  + . .     SeeInvis +     i - +4 glaive (elec)
rCold  + . .     Clarity  .     w - +2 troll leather armour
rNeg   + + .     SustAt   .     (no shield)
rPois  .         Gourm    .     K - +2 helmet {SInv}
rElec  .         Spirit   .     M - +0 cloak of Imeid {+Fly Str+4}
rCorr  .         Warding  +     o - +0 pair of gloves
rMut   .         Rnd*Tele +     D - +1 pair of boots of the Bells {rN+}
MR     +....                    L - amulet of warding
Stlth  +.........               v - ring of protection from fire
                                g - ring of protection from cold

@: confused, mesmerised, somewhat resistant to hostile enchantments, very
unstealthy
A: walk on water, claws 1, yellow scales 1, blurry vision 2, clever 1,
teleportitis 2, weak 1
a: Smiting, Recall Orcish Followers, Give Item to Named Follower, Renounce
Religion, Evoke Flight
}: 1/15 runes: gossamer


You were on level 2 of the Shoals.
You worshipped Beogh.
Beogh was exalted by your worship.
You were not hungry.

You visited 4 branches of the dungeon, and saw 29 of its levels.
You also visited: Labyrinth and Bailey.

You collected 2513 gold pieces.
You spent 126 gold pieces at shops.

Inventory:

Hand Weapons
 a - the +3 halberd "Naequa" {speed, Dex+3}
   (You found it on level 13 of the Dungeon)

   Attacks with this weapon are significantly faster.
   It affects your dexterity (+3).
 b - the +6 trident of Satyriasis {flame, Dex+2}
   (You found it on level 2 of the Lair of Beasts)

   It has been specially enchanted to burn those struck by it, causing extra
   injury to most foes and up to half again as much damage against particularly
   susceptible opponents.
   It affects your dexterity (+2).
 i - a +4 glaive of electrocution (weapon)
 I - the +4 blowgun "Zilen" {speed, rPois MR- Int+3}
   (You found it on level 9 of the Dungeon)

   Attacks with this weapon are significantly faster.
   It affects your intelligence (+3).
   It protects you from poison.
   It affects your resistance to hostile enchantments.
 N - the +5 scimitar "Juemm" {freeze, rElec Str+3 Int+4}
   (You found it on level 4 of the Dungeon)

   It has been specially enchanted to freeze those struck by it, causing extra
   injury to most foes and up to half again as much damage against particularly
   susceptible opponents.
   It can also slow down cold-blooded creatures.
   It affects your strength (+3).
   It affects your intelligence (+4).
   It insulates you from electricity.
Missiles
 C - 15 javelins (quivered)
Armour
 o - a +0 pair of gloves (worn)
 w - a +2 troll leather armour (worn)
 D - the +1 pair of boots of the Bells (worn) {rN+}
   (You acquired it on level 9 of the Dungeon)

   It protects you from negative energy.
 K - a +2 helmet of see invisible (worn)
 M - the +0 cloak of Imeid (worn) {+Fly Str+4}
   (You found it on level 7 of the Lair of Beasts)

   It affects your strength (+4).
   It lets you fly.
Rods
 j - a +3 lightning rod (13/13)
   (You took it off a minotaur in a labyrinth)
 q - a +5 rod of ignition (12/12)
   (You found it in a labyrinth)
Jewellery
 f - an uncursed amulet of regeneration
 g - a ring of protection from cold (left hand)
 v - a ring of protection from fire (right hand)
 L - an amulet of warding (around neck)
 P - an uncursed ring of stealth {unknown}
 S - an uncursed ring of protection from magic
Wands
 e - a wand of cold (6)
 n - a wand of hasting (6)
 x - a wand of teleportation (4)
Scrolls
 h - a scroll of identify
 k - 3 scrolls of teleportation
 l - 3 scrolls of recharging
 s - 6 scrolls of enchant armour
 t - 5 scrolls of magic mapping
 u - a scroll of enchant weapon
 B - 10 scrolls of remove curse
 E - 7 scrolls of amnesia
 Q - a scroll of blinking
 U - 2 scrolls of fog
Potions
 p - 2 potions of curing
 r - a potion of cancellation
 z - 2 potions of ambrosia
 G - 2 potions of brilliance
 J - 5 potions of flight
 W - 2 potions of resistance
 X - 3 potions of berserk rage
 Z - a potion of might
Books
 m - a book of Summonings

   Spells                             Type                      Level
   a - Recall                         Summoning/Translocation      3
   b - Aura of Abjuration             Summoning                    5
   c - Shadow Creatures               Summoning                    5
   d - Summon Demon                   Summoning                    5
   e - Summon Forest                  Summoning/Translocation      5
   f - Summon Mana Viper              Hexes/Summoning              5
 A - a book of Necromancy

   Spells                             Type                      Level
   a - Pain                           Necromancy                   1
   b - Animate Skeleton               Necromancy                   1
   c - Vampiric Draining              Necromancy                   3
   d - Regeneration                   Charms/Necromancy            3
   e - Animate Dead                   Necromancy                   4
   f - Control Undead                 Necromancy                   4
 F - a book of Battle

   Spells                             Type                      Level
   a - Infusion                       Charms                       1
   b - Shroud of Golubria             Charms/Translocation         2
   c - Song of Slaying                Charms                       2
   d - Spectral Weapon                Hexes/Charms                 3
   e - Regeneration                   Charms/Necromancy            3
 R - the Reference Book on the Entourage and Evil
   (You found it on level 8 of the Lair of Beasts)

   Spells                             Type                      Level
   a - Corpse Rot                     Necromancy                   2
   b - Call Canine Familiar           Summoning                    3
   c - Excruciating Wounds            Charms/Necromancy            5
   d - Summon Mana Viper              Hexes/Summoning              5
   e - Summon Forest                  Summoning/Translocation      5
 T - a book of Air

   Spells                             Type                      Level
   a - Shock                          Conjuration/Air              1
   b - Swiftness                      Charms/Air                   2
   c - Repel Missiles                 Charms/Air                   2
   d - Static Discharge               Conjuration/Air              3
   e - Lightning Bolt                 Conjuration/Air              5
Miscellaneous
 y - a phial of floods
 V - a sack of spiders
Comestibles
 c - 3 bread rations
 d - 16 meat rations
 H - 11 fruits
 O - 2 royal jellies
 Y - a beef jerky


   Skills:
 - Level 10.1 Fighting
 - Level 5.3 Long Blades
 + Level 11.3 Polearms
 - Level 5.6 Armour
 - Level 11.4 Dodging
 - Level 1.5 Stealth
 - Level 5.6 Spellcasting
 + Level 11.8 Summonings
 + Level 17.0 Necromancy
 - Level 9.5 Invocations


You had 6 spell levels left.
You knew the following spells:

 Your Spells              Type           Power        Failure   Level  Hunger
a - Pain                  Necr           ####         0%          1    None
b - Regeneration          Chrm/Necr      #####.....   1%          3    ##.....
c - Vampiric Draining     Necr           ######....   1%          3    ##.....
d - Animate Dead          Necr           N/A          1%          4    ####...
e - Summon Demon          Summ           ######....   3%          5    #####..
f - Shadow Creatures      Summ           N/A          3%          5    #####..


Dungeon Overview and Level Annotations

Branches:
Dungeon (15/15)            Temple (0/1) D:7            Lair (8/8) D:8
 Shoals (2/4) Lair:3       Spider (4/4) Lair:5          Orc (0/4) D:9
 Vaults (0/5) D:13         Depths (0/5) D:15
  Slime: Lair:6-8

Altars:
Dithmenos
Fedhas
Qazlal
Ru
Trog
Xom
The Shining One

Shops:
D:5 ?   D:15 :%

Annotations:
D:8 exclusion: downstairs
Lair:6 exclusion: 3 oklob plants
Shoals:1 exclusion: downstairs


Innate Abilities, Weirdness & Mutations

You can walk on water.
You have sharp fingernails.
You are partially covered in yellow scales (AC +2).
Scrolls take you longer to read.
Your mind is acute. (Int +2)
You are sometimes teleported to nearby monsters.
You are weak. (Str -2)


Message History

The snapping turtle barely misses Grimold.
Your blue devil hits the snapping turtle but does no damage.
The sheep barely misses Alork.
The merfolk hits you from afar with a trident!!
Beogh protects you from harm!
The death yak gores you but does no damage.
The faun hits you but does no damage.
Alork hits the sheep with an uncursed battleaxe of electrocution!!
The sheep dies!
Beogh accepts your kill.
Alork hits the death yak with an uncursed battleaxe of electrocution!
The merfolk avatar chants its luring song.
The sea snake bites you but does no damage.
The sheep misses you.
The snapping turtle bites Grimold!!
Your blue devil hits the snapping turtle!
The snapping turtle dies!
Beogh accepts your kill. The death yak gores you!!
You die...

.....≈≈≈≈≈≈≈≈≈≈≈ .
#[.≈≈≈≈≈≈≈≈≈≈≈≈≈ ..
#..≈≈.≈≈≈≈≈≈≈≈.
#..###).≈≈..≈≈≈≈.≈≈.
#......≈≈≈..≈≈≈≈≈≈.
##..).†.)t)...≈≈≈≈..
#.......(†(...)..≈..
.......m.(cSYo.o..≈≈
.....§§#.†Y@4m...≈≈.
...Y..###.o.##..≈≈≈≈
#..... #>..# ...≈≈≈
...#.. ....## ..≈P≈
Y.#........# ≈..P
###.......<. ≈≈..
#.....≈≈... .
..(..#............
≈.......≈...≈....≈.


You could see a merfolk avatar, a death yak, a sea snake, a snapping turtle
(petrified), a merfolk, a faun, a sheep, the friendly Alork the orc warlord, the
friendly Grimold the orc warlord, the friendly Arbeogh the orc knight (frenzied)
and a friendly blue devil.

Vanquished Creatures
  A ghost moth (Spider:2)
  Louise (Spider:3)
  An emperor scorpion (Spider:4)
  Nessos (D:13)
  4 hydras
  A minotaur (Lab)
  An ice dragon (Lair:8)
  Erolcha (D:8)
  A catoblepas (Lair:8)
  Erica (D:9)
  Sonja (D:13)
  2 death yaks (Shoals:2)
  3 unseen horrors
  Pikel (D:7)
  A harpy (Shoals:1)
  The ghost of Duffy the Skirmisher, a novice FoEE (D:6)
  3 lindwurms (Lair:7)
  2 griffons (Shoals:1)
  An orc knight (Bailey)
  A hornet (shapeshifter) (D:15)
  4 orb spiders
  3 hornets (Spider:4)
  9 ugly things
  2 hill giants
  7 wolf spiders
  3 cyclopes
  A water nymph (Shoals:1)
  2 fauns (Shoals:1)
  A water nymph (shapeshifter) (D:15)
  3 slime creatures (D:15)
  A moth of wrath (Spider:4)
  A black mamba (Lair:6)
  A manticore (Shoals:1)
  3 elephants (Lair:5)
  2 spiny frogs
  3 torpor snails
  2 komodo dragons
  9 demonic crawlers
  A yaktaur (shapeshifter) (D:13)
  A tengu conjurer (D:13)
  2 fire drakes (Lair:8)
  A merfolk (Shoals:1)
  2 jumping spiders
  2 trolls
  A freezing wraith (D:15)
  Grinder (D:3)
  A boulder beetle (Spider:4)
  A snapping turtle (Shoals:1)
  2 two-headed ogres
  16 blink frogs
  2 water elementals
  A shadow (D:13)
  A wyvern (D:11)
  6 trapdoor spiders
  9 redbacks
  2 hungry ghosts
  4 tarantellas
  2 basilisks (Lair:8)
  A steam dragon (Lair:8)
  4 hippogriffs
  12 yaks
  Edmund (D:4)
  4 vampire mosquitoes
  A soldier ant (D:13)
  4 wolves
  2 porcupines (Lair:6)
  4 sky beasts
  3 water moccasins
  21 spiders
  A swamp drake (Lair:8)
  2 boggarts (D:15)
  4 slaves (D:7)
  2 ogres
  6 orc warriors
  2 wasps (Spider:4)
  6 centaurs
  2 ice beasts
  An eye of draining (D:13)
  A necrophage (D:9)
  6 crocodiles
  A wyvern zombie (D:8)
  A water moccasin zombie (D:7)
  12 giant frogs
  A killer bee (D:11)
  6 wights
  5 electric eels
  4 orc priests
  A quasit (D:7)
  A hound (D:8)
  2 centaur skeletons
  A centaur zombie (D:5)
  5 orc wizards
  4 jellies
  11 worker ants
  4 iguanas
  4 sheep
  A hound zombie (D:8)
  A hound skeleton (D:6)
  7 gnolls (D:4)
  4 adders
  16 river rats
  A shadow imp (D:6)
  2 white imps (Lair:8)
  An ooze (D:3)
  2 worms
  12 orcs
  8 hobgoblins
  17 jackals
  6 kobolds
  7 bats
  4 giant cockroaches
  2 giant geckos
  3 giant newts
  7 goblins
  A goblin skeleton (D:6)
  2 hobgoblin zombies (D:6)
  2 kobold skeletons (D:6)
  2 kobold zombies (D:6)
  2 orc skeletons (D:6)
  An orc zombie (D:6)
  3 quokkas
  10 rats
  8 fungi
  5 plants
  A tentacle (Shoals:1)
435 creatures vanquished.

Vanquished Creatures (collateral kills)
  Arachne (Spider:3)
  A kraken (Shoals:1)
  Polyphemus (Shoals:2)
  Agnes (Spider:2)
  Frances (Spider:2)
  Wiglaf (Spider:2)
  3 ghost moths (Spider:4)
  Aizul (Shoals:1)
  6 emperor scorpions
  A dire elephant (Lair:5)
  A fire dragon (Lair:8)
  2 merfolk impalers (Shoals:1)
  Josephine (Shoals:1)
  3 catoblepae
  Harold (Lair:2)
  An entropy weaver (Spider:4)
  7 hydras
  A satyr (Shoals:1)
  A merfolk aquamancer (Shoals:2)
  5 death yaks
  A tengu warrior (D:13)
  Urug (D:13)
  A fire crab (Lair:8)
  3 unseen horrors
  A swamp dragon (Lair:7)
  2 sea snakes (Shoals:1)
  A deep troll (D:13)
  The ghost of 4thArraOfDagon the Cleaver, a novice DDBe of Trog (D:9)
  4 orc knights
  8 hill giants
  A wolf spider zombie (D:14)
  7 harpies (Shoals:1)
  9 orb spiders
  16 wolf spiders
  A lindwurm (Lair:7)
  A phantasmal warrior (D:13)
  9 manticores
  A necromancer (Spider:1)
  3 hornets
  An orb spider (shapeshifter) (D:15)
  7 fauns (Shoals:1)
  7 griffons
  3 cyclopes
  2 moths of wrath
  7 ugly things
  2 centaur zombies
  11 elephants
  4 sirens
  6 black mambas
  A torpor snail (Lair:7)
  Psyche (D:9)
  6 spiny frogs
  A spiny frog (shapeshifter) (D:13)
  A centaur skeleton (D:12)
  10 demonic crawlers
  6 komodo dragons
  A fire drake (Lair:8)
  9 merfolk
  An efreet (D:14)
  14 jumping spiders
  A polar bear (Lair:7)
  6 trolls
  31 blink frogs
  3 snapping turtles
  5 slime creatures
  A spriggan (D:8)
  5 wraiths (Shoals:1)
  19 redbacks
  13 trapdoor spiders
  A deep elf mage (D:11)
  A tarantella (shapeshifter) (D:15)
  16 tarantellas
  3 wyverns
  3 water elementals
  43 yaks
  4 basilisks
  3 hungry ghosts
  8 hippogriffs
  10 vampire mosquitoes
  A steam dragon (Lair:8)
  16 wolves
  5 electric eels
  A swamp worm (Lair:7)
  4 mottled dragons
  13 porcupines
  7 orc warriors
  A black bear (D:9)
  4 wasps
  13 water moccasins
  4 swamp drakes (Lair:7)
  2 phantoms (D:8)
  A sky beast (D:12)
  19 spiders
  A boggart (D:15)
  An eye of draining (D:12)
  2 ice beasts
  An ogre (D:8)
  3 centaurs
  18 crocodiles
  A necrophage (D:13)
  A brain worm (D:13)
  A wyvern zombie (D:12)
  17 giant frogs
  A water moccasin zombie (D:8)
  A water moccasin skeleton (D:8)
  2 scorpions (D:12)
  3 killer bees (D:11)
  4 wights
  A giant frog zombie (D:8)
  7 crimson imps
  A hound (D:8)
  2 giant frog skeletons
  3 orc priests
  2 jellies
  3 orc wizards
  7 iguanas
  6 worker ants
  12 sheep
  43 river rats
  A shadow imp (D:9)
  A white imp (Lair:8)
  An adder skeleton (D:9)
  A giant gecko (D:9)
  10 orcs
  5 bats
  A jackal (D:11)
  A quokka (D:8)
  2 hobgoblin zombies (D:6)
  An orc skeleton (D:6)
  3 rats (D:8)
  50 fungi
  40 plants
  3 tentacles (Shoals:1)
743 creatures vanquished.

Vanquished Creatures (others)
  An orc warlord (Lair:8)
  An orc high priest (Spider:2)
  3 orc knights
  5 orc warriors
  8 orc priests
  7 orc wizards
  An iguana (Lair:8)
  34 orcs
  A rat (D:3)
  5 fungi
  4 tentacles (Shoals:1)
  120 tentacle segments (Shoals:1)
190 creatures vanquished.

Grand Total: 1368 creatures vanquished

Notes
Turn   | Place    | Note
--------------------------------------------------------------
     0 | D:1      | braksdos the Hill Orc Necromancer began the quest for the Orb.
     0 | D:1      | Reached XP level 1. HP: 14/14 MP: 3/3
   511 | D:1      | Reached XP level 2. HP: 14/20 MP: 0/4
   878 | D:1      | Reached skill level 1 in Fighting
  1438 | D:2      | Reached XP level 3. HP: 27/30 MP: 3/5
  2075 | D:3      | Became a worshipper of Beogh the Brigand
  2113 | D:3      | Learned a level 3 spell: Vampiric Draining
  2121 | D:3      | Found a faded altar to an unknown god.
  2310 | D:3      | Reached XP level 4. HP: 38/38 MP: 6/6
  2575 | D:3      | Noticed Grinder
  2583 | D:3      | Paralysed by Grinder for 2 turns
  2593 | D:3      | Killed Grinder
  2593 | D:3      | Reached * piety under Beogh
  2593 | D:3      | Reached skill level 5 in Necromancy
  2593 | D:3      | Reached XP level 5. HP: 41/45 MP: 7/9
  2593 | D:3      | Reached XP level 6. HP: 46/51 MP: 7/10
  2623 | D:3      | Learned a level 3 spell: Regeneration
  2628 | D:3      | Learned a level 4 spell: Animate Dead
  3041 | D:4      | Got a twisted scimitar
  3055 | D:4      | Reached skill level 1 in Armour
  3367 | D:4      | Found a sacrificial altar of Ru.
  3369 | D:4      | Found a shimmering altar of Xom.
  3415 | D:4      | Noticed Edmund
  3425 | D:4      | Reached skill level 6 in Necromancy
  3442 | D:4      | Killed Edmund
  3442 | D:4      | Reached XP level 7. HP: 32/57 MP: 3/11
  3713 | D:4      | Identified the +5 scimitar "Juemm" {freeze, rElec Str+3 Int+4} (You found it on level 4 of the Dungeon)
  3915 | D:4      | Gained mutation: Scrolls take you a little longer to read. [mutagenic meat]
  3916 | D:4      | Gained mutation: Your system is resistant to poisons. [mutagenic meat]
  3917 | D:4      | Gained mutation: You are partially covered in yellow scales (AC +2). [mutagenic meat]
  4114 | D:5      | Entered Level 5 of the Dungeon
  4353 | D:5      | Found Terullio's Magic Scroll Emporium.
  4357 | D:5      | Bought a scroll of identify for 28 gold pieces
  4357 | D:5      | Bought a scroll of identify for 28 gold pieces
  4357 | D:5      | Bought a scroll of identify for 28 gold pieces
  4357 | D:5      | Bought a scroll of remove curse for 42 gold pieces
  4908 | D:5      | Reached skill level 7 in Necromancy
  4908 | D:5      | Reached XP level 8. HP: 58/63 MP: 8/12
  4998 | D:5      | Reached skill level 1 in Polearms
  5225 | D:6      | Noticed a moth of wrath
  5226 | D:6      | Noticed Duffy's ghost (novice FoEE)
  5340 | D:6      | Killed Duffy's ghost
  5340 | D:6      | Reached skill level 5 in Polearms
  5492 | D:6      | Reached skill level 1 in Long Blades
  5496 | D:6      | Found a glowing golden altar of the Shining One.
  5508 | D:6      | Reached ** piety under Beogh
  5812 | D:6      | Reached XP level 9. HP: 67/70 MP: 13/13
  5937 | D:6      | Reached skill level 5 in Long Blades
  6032 | D:6      | Reached skill level 1 in Invocations
  6323 | D:6      | Found a bloodstained altar of Trog.
  6440 | D:7      | Noticed a brown ugly thing
  6481 | D:7      | Killed a brown ugly thing
  6481 | D:7      | Reached skill level 5 in Invocations
  6522 | D:7      | Noticed Pikel
  6539 | D:7      | Reached *** piety under Beogh
  6545 | D:7      | Killed Pikel
  6546 | D:7      | Reached skill level 8 in Invocations
  6849 | D:7      | Reached skill level 9 in Invocations
  6869 | D:7      | Reached XP level 10. HP: 39/77 MP: 15/17
  7282 | D:7      | Found a staircase to the Ecumenical Temple.
  7566 | D:8      | Found a staircase to the Lair.
  7867 | D:8      | Found a shadowy altar of Dithmenos.
  8500 | D:9      | Noticed Erolcha
  8514 | D:8      | Killed Erolcha
  8541 | D:9      | Found a blossoming altar of Fedhas.
  8541 | D:9      | Found a stormy altar of Qazlal.
  8574 | D:9      | Reached **** piety under Beogh
  8642 | D:9      | Got a transparent blowgun
  8643 | D:9      | Identified the +4 blowgun "Zilen" {speed, rPois MR- Int+3} (You found it on level 9 of the Dungeon)
  9109 | D:9      | Noticed Psyche
  9113 | D:9      | Noticed 4thArraOfDagon's ghost (novice DDBe)
  9125 | D:9      | Killed Psyche
  9125 | D:9      | Reached skill level 10 in Necromancy
  9133 | D:9      | Killed 4thArraOfDagon's ghost
  9136 | D:9      | Found a staircase to the Orcish Mines.
  9182 | D:9      | Identified a scroll of acquirement
  9182 | D:9      | Got a pair of faintly glowing boots
  9193 | D:9      | Identified the +1 pair of boots of the Bells {rN+} (You acquired it on level 9 of the Dungeon)
  9785 | D:9      | Got a bronze ring mail
  9799 | D:9      | Noticed Erica
  9823 | D:9      | Killed Erica
  9823 | D:9      | Reached skill level 11 in Necromancy
  9903 | D:9      | Reached XP level 11. HP: 82/82 MP: 18/18
 10074 | D:10     | Entered Level 10 of the Dungeon
 10137 | D:10     | Identified the +2 ring mail of the Guild-Master {-Tele Dex+8} (You found it on level 9 of the Dungeon)
 10657 | D:10     | Killed an unseen horror
 10657 | D:10     | Gained Korbok as an ally
 10885 | D:10     | Reached skill level 12 in Necromancy
 11131 | D:11     | Noticed a hill giant
 11139 | D:11     | Killed a hill giant
 11225 | D:11     | Noticed a hill giant
 11232 | D:11     | Killed a hill giant
 11292 | D:11     | Noticed a hill giant
 11298 | D:11     | Killed a hill giant
 11372 | D:11     | Reached skill level 5 in Fighting
 11472 | D:11     | Noticed a hill giant
 11478 | D:11     | Killed a hill giant
 11517 | D:11     | Noticed a hill giant
 11521 | D:11     | Killed a hill giant
 11536 | D:11     | Noticed an eight-headed hydra
 11547 | D:11     | Killed an eight-headed hydra
 11547 | D:11     | Reached skill level 13 in Necromancy
 11634 | D:11     | Killed an unseen horror
 12092 | D:12     | Noticed a hill giant
 12098 | D:12     | Killed a hill giant
 12116 | D:12     | Noticed a hill giant
 12121 | D:12     | Reached XP level 12. HP: 73/100 MP: 16/19
 12128 | D:12     | Gained Morun as an ally
 12128 | D:12     | Killed a hill giant
 12522 | D:12     | Gained Harm as an ally
 12627 | D:12     | Reached skill level 14 in Necromancy
 12723 | D:12     | Reached ***** piety under Beogh
 12835 | D:12     | Killed an unseen horror
 13718 | D:13     | Noticed Nessos
 13725 | D:13     | Killed Nessos
 13897 | D:13     | Noticed Sonja
 13908 | D:13     | Paralysed by Sonja for 3 turns
 13916 | D:13     | Paralysed by Sonja for 7 turns
 13925 | D:13     | Killed Sonja
 14157 | D:13     | Found a flagged portal.
 14168 | Bailey   | Entered a bailey
 14179 | Bailey   | Reached skill level 15 in Necromancy
 14885 | Bailey   | Learned a level 5 spell: Summon Demon
 15080 | D:13     | Got a shimmering halberd
 15081 | D:13     | Identified the cursed +3 halberd "Naequa" {speed, Dex+3} (You found it on level 13 of the Dungeon)
 15354 | D:13     | Reached skill level 1 in Summonings
 15462 | D:13     | Reached skill level 5 in Armour
 15609 | D:13     | Noticed Urug
 15620 | D:13     | Killed Urug
 15620 | D:13     | Reached XP level 13. HP: 89/111 MP: 18/20
 15858 | D:13     | Noticed a tengu warrior
 15873 | D:13     | Killed a tengu warrior
 16021 | D:13     | Upgraded the game from 0.17-a0-2118-g63bad21 to 0.17-a0-2147-gfb20a63
 16544 | D:13     | Found a gate to the Vaults.
 16984 | Lair:1   | Entered Level 1 of the Lair of Beasts
 17219 | Lair:1   | Gained Norbak as an ally
 17872 | Lair:2   | Noticed Harold
 17884 | Lair:2   | Killed Harold
 18453 | Lair:2   | Got a transparent trident
 18456 | Lair:2   | Identified the +6 trident of Satyriasis {flame, Dex+2} (You found it on level 2 of the Lair of Beasts)
 19480 | Lair:3   | Reached skill level 5 in Summonings
 19509 | Lair:3   | Found a staircase to the Shoals.
 20554 | Lair:4   | Reached ****** piety under Beogh
 21315 | Lair:5   | Found a hole to the Spider Nest.
 21738 | Lair:5   | Reached XP level 14. HP: 102/118 MP: 21/21
 22191 | Lair:5   | Reached skill level 5 in Dodging
 22219 | Lair:5   | Noticed a dire elephant
 22237 | Lair:5   | Killed a dire elephant
 22650 | Lair:6   | Gained Grimold as an ally
 22684 | Lair:6   | Your ally Korbok died
 24323 | Lair:7   | Reached skill level 16 in Necromancy
 24351 | Lair:7   | Got a fine cloak
 24362 | Lair:7   | Identified the +0 cloak of Imeid {+Fly Str+4} (You found it on level 7 of the Lair of Beasts)
 24611 | Lair:8   | Entered Level 8 of the Lair of Beasts
 25048 | Lair:8   | Gained Morguth as an ally
 25299 | Lair:8   | Your ally Harm died
 25877 | Lair:8   | Reached XP level 15. HP: 125/125 MP: 22/22
 25922 | Lair:8   | Identified the Reference Book on the Entourage and Evil
 26126 | Lair:8   | Reached skill level 10 in Summonings
 26506 | Lair:2   | Gained Margrim as an ally
 26761 | D:14     | Found a labyrinth entrance.
 26765 | Lab      | Entered a labyrinth
 27219 | Lab      | Identified the Compendium of Translocation
 27222 | Lab      | Identified a +5 rod of ignition (12/12) (You found it in a labyrinth)
 27225 | Lab      | Got a pitted hunting sling
 28083 | D:14     | Identified the +10 hunting sling of Aciomeoz {freeze, rN+ Str-2 Dex+4 Stlth+} (You found it in a labyrinth)
 28244 | D:15     | Entered Level 15 of the Dungeon
 28405 | D:15     | Found Haigge's Book Shop.
 28426 | D:15     | Found Nump's Food Shoppe.
 28600 | D:15     | Gained Alork as an ally
 29290 | D:15     | Found a staircase to the Depths.
 29911 | Spider:1 | Entered Level 1 of the Spider Nest
 30135 | Lair:5   | Upgraded the game from 0.17-a0-2147-gfb20a63 to 0.17-a0-2215-g49c1de0
 31780 | Spider:2 | Gained mutation: You are occasionally teleported to nearby monsters. [mutagenic meat]
 31782 | Spider:2 | Gained mutation: Your mind is acute. (Int +2) [mutagenic meat]
 31954 | Spider:2 | Noticed Frances
 31973 | Spider:2 | Your ally Margrim died
 31976 | Spider:2 | Killed Frances
 32123 | Spider:2 | Noticed Wiglaf
 32140 | Spider:2 | Killed Wiglaf
 32516 | Spider:2 | Noticed Agnes
 32531 | Spider:2 | Killed Agnes
 32577 | Spider:2 | Your ally Morguth died
 33581 | Spider:3 | Noticed Louise
 33594 | Spider:3 | Killed Louise
 33594 | Spider:3 | Reached XP level 16. HP: 112/132 MP: 23/23
 33713 | Spider:3 | Reached skill level 10 in Polearms
 33759 | Spider:3 | Noticed Arachne
 33779 | Spider:3 | Killed Arachne
 34768 | Spider:3 | Reached skill level 10 in Dodging
 34874 | Spider:4 | Entered Level 4 of the Spider Nest
 36099 | Spider:4 | Reached skill level 5 in Spellcasting
 36630 | Spider:4 | Gained mutation: You are weak. (Str -2) [mutagenic meat]
 36631 | Spider:4 | Gained mutation: Scrolls take you longer to read. [mutagenic meat]
 36725 | Spider:4 | Got a gossamer rune of Zot
 36796 | Spider:4 | Gained mutation: You have sharp fingernails. [mutagenic meat]
 36797 | Spider:4 | Lost mutation: Your system is resistant to poisons. [mutagenic meat]
 36800 | Spider:4 | Gained mutation: You are sometimes teleported to nearby monsters. [mutagenic meat]
 37114 | Shoals:1 | Entered Level 1 of the Shoals
 37183 | Shoals:1 | Learned a level 5 spell: Shadow Creatures
 37248 | Shoals:1 | Noticed an octopode crusher
 37297 | Shoals:1 | Gained Arbeogh as an ally
 37476 | Shoals:1 | Noticed Josephine
 37476 | Shoals:1 | Noticed a kraken
 37555 | Shoals:1 | Killed Josephine
 37575 | Shoals:1 | Noticed Aizul
 37633 | Shoals:1 | Reached skill level 10 in Fighting
 37689 | Shoals:1 | Reached XP level 17. HP: 45/140 MP: 3/25
 37812 | Shoals:1 | Killed Aizul
 38246 | Shoals:1 | Killed a kraken
 38841 | Shoals:2 | Noticed Polyphemus
 38849 | Shoals:2 | Killed Polyphemus
 38879 | Shoals:2 | Reached skill level 17 in Necromancy
 38886 | Shoals:2 | Beogh protects you from harm!
 38889 | Shoals:2 | Beogh protects you from harm!
 38890 | Shoals:2 | Slain by a death yak

Vault maps used:
D:1:      dpeg_arrival_stonehenge_12_columns
D:2:      feat_on_display
D:3:      ecumenical_altar_1, uniq_grinder
D:4:      grunt_temple_overflow_open, first_bread, uniq_edmund
D:5:      serial_shops, nicolae_shop_competitors_out_of_business,
          patterned_corridor
D:6:      tgw_trog, nicolae_tso_besieged_by_evil
D:7:      temple_green, uniq_pikel
D:8:      nicolae_dithmenos_shadow_blocks, due_lair_maze_entry_diamond,
          the_bakery
D:9:      grunt_temple_overflow_forces_of_nature, david_orc_2, uniq_erica,
          uniq_erolcha, uniq_psyche
D:11:     grunt_ministairs_9
D:13:     david_vaults_4, enter_bailey_2, uniq_sonja, uniq_urug, uniq_nessos
D:14:     hangedman_decor_opposing, lab_entry_generic, serial_park_tiny_1
D:15:     gammafunk_enter_depths_forms, serial_shops, shop, shop_fountains,
          minivault_11
Lair:1:   st_stairs_7
Lair:2:   roderic_batcave, eino_small_chamber_without_monster,
          lemuel_old_faithful, uniq_harold
Lair:3:   minmay_shoals_entry_hut
Lair:5:   beast_lair_carwin_large_1, spider_nest_entry_webs,
          nicolae_quartered_pool_little
Lair:6:   minmay_slime_entry_oklob_open, serial_bayou_pond_c
Lair:7:   onia_ninara_swampy_vault, minmay_lindwurm_lava
Lair:8:   guppyfry_lair_end_dragon, hangedman_lair_in_review,
          bobbens_ice_dragon_lair
Shoals:1: nicolae_shoals_square_sea_wall, hangedman_shoal_octodias, uniq_aizul,
          uniq_josephine
Shoals:2: serial_shops, shop, nicolae_shop_behind_doors, nicolae_shop_trees,
          uniq_polyphemus
Spider:1: cheibrodos_spider_creepycove
Spider:2: uniq_frances, uniq_agnes, uniq_wiglaf
Spider:3: hangedman_spider_tarantella_strand, uniq_arachne, uniq_louise
Spider:4: guppyfry_spider_rune
Lab:      labyrinth_spiral
Bailey:   bailey_polearm_4, bailey

Action                   |  1- 3 |  4- 6 |  7- 9 | 10-12 | 13-15 | 16-18 || total
-------------------------+-------+-------+-------+-------+-------+-------++-------
Melee: Unarmed           |    10 |       |       |       |       |       ||    10
       Spear             |   116 |    85 |   261 |   305 |       |       ||   767
       Scimitar          |       |       |   134 |   179 |       |       ||   313
       Halberd           |       |       |       |    39 |  1201 |   609 ||  1849
       Trident           |       |       |       |       |   115 |       ||   115
       Glaive            |       |       |       |       |       |     8 ||     8
Throw: Throwing net      |     1 |     1 |     1 |     2 |       |       ||     5
       Javelin           |       |       |       |     5 |     3 |     4 ||    12
 Cast: Pain              |    24 |    18 |    17 |    57 |     3 |     4 ||   123
       Animate Dead      |       |     1 |     5 |     7 |    18 |    14 ||    45
       Regeneration      |       |     1 |     1 |    26 |    22 |    31 ||    81
       Vampiric Draining |       |       |     8 |     6 |    14 |    25 ||    53
       Summon Demon      |       |       |       |       |    18 |     7 ||    25
       Shadow Creatures  |       |       |       |       |       |     4 ||     4
Invok: Convert to Beogh  |     1 |       |       |       |       |       ||     1
       Recall Orcish Fol |       |       |       |     7 |    18 |    11 ||    36
       Smiting           |       |       |       |     2 |       |     1 ||     3
       Give Item to Name |       |       |       |       |     7 |       ||     7
 Abil: Evoke Berserk Rag |       |       |     1 |       |       |       ||     1
Evoke: Wand              |       |       |       |     7 |     5 |     1 ||    13
       Fan of gales      |       |       |       |       |     1 |       ||     1
       Rod               |       |       |       |       |       |     3 ||     3
  Use: Potion            |       |     1 |     7 |     8 |    14 |    15 ||    45
       Scroll            |       |     9 |     6 |    14 |    25 |     6 ||    60
 Stab: Sleeping          |       |       |     1 |     1 |     3 |     1 ||     6
       Held in net/web   |       |       |     1 |       |     1 |       ||     2
       Distracted        |       |       |       |     4 |    14 |     8 ||    26
       Confused          |       |       |       |       |     2 |       ||     2
       Petrified         |       |       |       |       |     1 |       ||     1
       Fleeing           |       |       |       |       |     1 |       ||     1
       Petrifying        |       |       |       |       |       |     1 ||     1
  Eat: Chunk             |     5 |     4 |     5 |    14 |    44 |    16 ||    88
       Pizza             |       |       |     1 |     2 |     1 |       ||     4
       Beef jerky        |       |       |     1 |     1 |     6 |       ||     8
       Bread ration      |       |       |     2 |     5 |     5 |     6 ||    18
       Fruit             |       |       |       |     1 |       |       ||     1
       Meat ration       |       |       |       |       |     1 |       ||     1
